 Dungeon Crawl Stone Soup version 0.23.2-33-g5129a83184 (webtiles) character file.

Game seed: 9710543036981348523

8097 funkygono the Blocker (level 11, -9/67 HPs)
             Began as a Gargoyle Fighter on July 17, 2019.
             Was an Initiate of Ashenzari.
             Killed by divine providence
             ... invoked by an orc priest
              (11 damage)
             ... on level 9 of the Dungeon.
             The game lasted 00:22:22 (8961 turns).

funkygono the Blocker (Gargoyle Fighter)            Turns: 8961, Time: 00:22:24

Health: -9/67      AC: 27    Str: 29    XL:     11   Next: 25%
Magic:  13/13      EV:  8    Int: 10    God:    Ashenzari [......]
Gold:   554        SH: 15    Dex:  9    Spells: 13/13 levels left

rFire    + . .     SeeInvis .   h - +3 whip (flame)
rCold    . . .     Gourm    .   c - +2 shield
rNeg     + . .     Faith    .   j - +0 plate armour (curse)
rPois    ∞         Spirit   .   (no helmet)
rElec    +         Reflect  .   F - +1 cloak
rCorr    .         Harm     .   k - +1 pair of gloves
MR       .....                  K - +0 pair of boots
Stlth    ..........             s - amulet of magic regeneration
HPRegen  0.21/turn              o - ring of protection from fire
MPRegen  0.38/turn              L - ring of Temptation {+Fly Int+2}

@: mighty
A: negative energy resistance 1, electricity resistance, unbreathing,
petrification resistance, rot immunity, AC +8
a: Curse Item, Renounce Religion, Evoke Flight


You were on level 9 of the Dungeon.
You worshipped Ashenzari.
Ashenzari was noncommittal.
You were not hungry.

You visited 2 branches of the dungeon, and saw 10 of its levels.

You collected 554 gold pieces.

Inventory:

Hand Weapons
 a - a +1 flail
 h - a +3 whip of flaming (weapon)
 i - a +0 hunting sling
 p - a +1 flail of protection
Missiles
 e - 333 stones (quivered)
 m - 108 bolts
 E - 46 sling bullets
Armour
 b - a +0 scale mail
 c - a +2 shield (worn)
 j - a cursed +0 plate armour (worn)
 k - a +1 pair of gloves (worn)
 n - a +0 buckler
 F - a +1 cloak (worn)
 K - a +0 pair of boots (worn)
Magical Staves
 H - an uncursed staff of poison
Jewellery
 o - a ring of protection from fire (left hand)
 s - an amulet of magic regeneration (around neck)
 z - an uncursed ring of stealth
 A - an uncursed ring of resist corrosion
 L - the ring of Temptation (right hand) {+Fly Int+2}
   (You found it on level 8 of the Dungeon)

   [ring of flight]

   It affects your intelligence (+2).
   It lets you fly.
Wands
 g - a wand of digging (3)
 t - a wand of iceblast (20)
 D - a wand of flame (18)
Scrolls
 v - a scroll of remove curse
 y - a scroll of enchant weapon
 C - 3 scrolls of identify
 I - 3 scrolls of teleportation
 N - a scroll of amnesia {unknown}
Potions
 d - a potion of might
 l - 4 potions of mutation
 q - 5 potions of lignification
 r - 4 potions of brilliance
 u - a potion of flight
 w - a potion of haste
 x - 2 potions of berserk rage
 B - 2 potions of heal wounds
 G - a potion of resistance
 M - a potion of magic {unknown}
Comestibles
 f - 15 rations
 J - 6 chunks of flesh


   Skills:
 + Level 7.2 Fighting
 + Level 10.2 Maces & Flails
 + Level 8.0 Armour
 + Level 2.0 Dodging
 + Level 0.2 Stealth
 + Level 11.3 Shields
 * Level 1.9 Spellcasting


You had 13 spell levels left.
You didn't know any spells.
Your spell library contained the following spells:

 Spells                   Type           Power        Failure   Level  Hunger
 Beastly Appendage        Tmut           #.....       99%         1    ##.....
 Shock                    Conj/Air       #...         99%         1    ##.....
 Sting                    Conj/Pois      #...         99%         1    ##.....
 Poisonous Vapours        Pois/Air       #.....       100%        2    ###....
 Sticks to Snakes         Tmut           #.......     100%        2    ###....
 Swiftness                Chrm/Air       #.......     100%        2    ###....
 Mephitic Cloud           Conj/Pois/Air  #.......     100%        3    ####...
 Spider Form              Tmut/Pois      #.........   100%        3    ####...
 Static Discharge         Conj/Air       #.......     100%        3    ####...
 Airstrike                Air            #.........   100%        4    #####..
 Ice Form                 Ice/Tmut       #.......     100%        4    #####..
 Olgreb's Toxic Radiance  Pois           #.......     100%        4    #####..
 Blade Hands              Tmut           #.........   100%        5    ######.
 Lightning Bolt           Conj/Air       #.........   100%        5    ######.
 Venom Bolt               Conj/Pois      #.........   100%        5    ######.


Dungeon Overview and Level Annotations

Branches:
Dungeon (9/15)             Temple (1/1) D:7             Orc (0/2) D:9
   Lair: D:8-11

Altars:
Ashenzari
Cheibriados
Dithmenos
Elyvilon
Fedhas
Gozag
Hepliaklqana
Kikubaaqudgha
Makhleb
Nemelex Xobeh
Okawaru
Qazlal
Ru
Sif Muna
Trog
Uskayaw
Vehumet
Wu Jian
Xom
Yredelemnul
Zin
The Shining One
Beogh

Shops:
D:5 }


Innate Abilities, Weirdness & Mutations

You are resistant to torment.
Your stone body is resilient. (AC +8)
You are immune to poison.
You resist negative energy. (rN+)
You are resistant to electric shocks. (rElec)
You can survive without breathing.
You are immune to petrification.
You are immune to rotting.


Message History

Your plate armour prevents you from hitting the orc warrior.
The orc warrior is severely wounded.
You block the orc warrior's attack.
You thrash the orc warrior!! You burn the orc warrior.
You kill the orc warrior!
The orc priest calls down the wrath of Beogh upon you.
Beogh smites you!
* * * LOW HITPOINT WARNING * * *
You whack the orc warrior! You burn the orc warrior.
The orc warrior is moderately wounded.
You block the orc warrior's attack.
You hit the orc warrior. You burn the orc warrior.
The orc warrior is heavily wounded.
You barely miss the orc warrior.
The orc warrior is heavily wounded.
The orc warrior hits you with a +0 battleaxe.
* * * LOW HITPOINT WARNING * * *
The orc priest calls down the wrath of Beogh upon you.
Beogh smites you!
You die... #.###..## #......###.> #########.###......#.... .>..... #.##............ ....... #......<........ ._.ooo. ##.####.....[... .oooooo #.###.......... .8ooooo

#..............
####8o8###..............
.....oo@................
#####.##...........#....
#...>...##.#...#.##....
..#######....#...##..>.
## ..#...#.##....
.##.....##.... ....
#.... .( #?... #....


You could see an orc warrior, 2 orc priests and 14 orcs.

Vanquished Creatures
  Harold (D:7)
  Pikel (D:3)
  Joseph (D:7)
  A gargoyle (D:8)
  A queen bee (D:8)
  Grinder (D:4)
  A hippogriff (D:8)
  Sigmund (D:6)
  6 yaks (D:9)
  Grum (D:8)
  Edmund (D:3)
  Duvessa (D:6)
  2 slaves (D:3)
  A sky beast (D:9)
  4 orc warriors
  2 ice beasts
  8 ogres
  2 necrophages
  4 wolves (D:8)
  3 centaurs
  2 bullfrogs
  Blork the orc (D:4)
  A wyvern skeleton (D:4)
  Dowan (D:6)
  14 killer bees (D:8)
  3 scorpions
  A howler monkey (D:5)
  A centaur zombie (D:5)
  3 crimson imps
  8 orc priests
  3 jellies
  A bullfrog skeleton (D:8)
  4 hounds
  3 orc wizards
  A centaur skeleton (D:6)
  5 iguanas
  5 worker ants
  A hound skeleton (D:4)
  3 worker ant zombies
  3 gnolls (D:7)
  11 adders
  3 shadow imps
  3 oozes
  3 adder skeletons
  3 worms (D:2)
  3 dart slugs
  10 leopard geckos
  27 orcs
  6 bats
  5 giant cockroaches
  8 goblins
  7 hobgoblins
  4 jackals
  4 quokkas
  3 ball pythons
  7 frilled lizards
  8 kobolds
  2 leopard gecko skeletons
  2 leopard gecko zombies
  A quokka skeleton (D:3)
  5 rats
232 creatures vanquished.

Vanquished Creatures (others)
  3 orcs
3 creatures vanquished.

Grand Total: 235 creatures vanquished

Notes
Turn   | Place    | Note
-------+----------+-------------------------------------------
     0 | D:1      | funkygono the Gargoyle Fighter began the quest for the Orb.
     0 | D:1      | Reached XP level 1. HP: 14/14 MP: 1/1
   255 | D:1      | Reached XP level 2. HP: 19/19 MP: 2/2
  1114 | D:2      | Found an opulent altar of Gozag.
  1134 | D:2      | Reached XP level 3. HP: 24/24 MP: 3/3
  1148 | D:2      | Reached skill level 4 in Shields
  1328 | D:2      | Reached XP level 4. HP: 26/29 MP: 4/4
  1804 | D:2      | Found a bloodstained altar of Trog.
  2124 | D:3      | Found a shimmering altar of Xom.
  2124 | D:3      | Found a deep blue altar of Sif Muna.
  2125 | D:3      | Found a hazy altar of Hepliaklqana.
  2235 | D:3      | Found a faded altar of an unknown god.
  2240 | D:3      | Reached XP level 5. HP: 33/33 MP: 5/5
  2291 | D:3      | Found an ornate altar of the Wu Jian Council.
  2307 | D:3      | Found a stormy altar of Qazlal.
  2357 | D:3      | Found a blossoming altar of Fedhas.
  2556 | D:4      | Noticed a slave
  2556 | D:4      | Noticed Pikel
  2557 | D:4      | Noticed a slave
  2557 | D:4      | Noticed a slave
  2557 | D:4      | Noticed a slave
  2579 | D:4      | Noticed Edmund
  2598 | D:3      | Killed a slave
  2621 | D:3      | Killed a slave
  2855 | D:3      | Killed Pikel
  2855 | D:3      | Reached skill level 5 in Maces & Flails
  2855 | D:3      | Reached skill level 6 in Shields
  2855 | D:3      | Reached XP level 6. HP: 30/39 MP: 6/6
  2855 | D:3      | Reached XP level 7. HP: 34/44 MP: 7/7
  2961 | D:3      | Killed Edmund
  2961 | D:3      | Reached skill level 5 in Armour
  3079 | D:4      | Reached skill level 1 in Dodging
  3188 | D:4      | Reached XP level 8. HP: 39/48 MP: 8/8
  3244 | D:4      | Noticed Blork the orc
  3273 | D:4      | Killed Blork the orc
  3456 | D:5      | Entered Level 5 of the Dungeon
  3457 | D:5      | Noticed Grinder
  3470 | D:4      | Reached skill level 5 in Fighting
  3589 | D:4      | Paralysed by Grinder for 4 turns
  3599 | D:4      | Paralysed by Grinder for 4 turns
  3604 | D:4      | Killed Grinder
  3604 | D:4      | Reached skill level 7 in Shields
  3781 | D:5      | Found a basalt altar of Yredelemnul.
  4114 | D:5      | Found Ruclajen's Gadget Emporium.
  4176 | D:5      | Reached XP level 9. HP: 25/54 MP: 9/9
  4467 | D:5      | Found a snail-covered altar of Cheibriados.
  4632 | D:5      | Found a burning altar of Makhleb.
  4735 | D:6      | Reached skill level 8 in Shields
  4967 | D:6      | Noticed Sigmund
  5005 | D:6      | Killed Sigmund
  5048 | D:6      | Noticed Dowan
  5049 | D:6      | Noticed Duvessa
  5066 | D:6      | Killed Dowan
  5094 | D:6      | Killed Duvessa
  5403 | D:6      | Found a sacrificial altar of Ru.
  5551 | D:7      | Reached skill level 9 in Shields
  5842 | D:7      | Noticed Harold
  5877 | D:7      | Killed Harold
  5877 | D:7      | Reached XP level 10. HP: 26/61 MP: 10/10
  6256 | D:7      | Noticed Joseph
  6282 | D:7      | Killed Joseph
  6282 | D:7      | Reached skill level 10 in Shields
  6679 | D:7      | Found a staircase to the Ecumenical Temple.
  6692 | Temple   | Entered the Ecumenical Temple
  6721 | Temple   | Became a worshipper of Ashenzari the Shackled
  7034 | D:8      | Found an iron altar of Okawaru.
  7103 | D:8      | Noticed Grum
  7165 | D:8      | Killed Grum
  7343 | D:8      | Noticed a gargoyle
  7391 | D:8      | Killed a gargoyle
  7560 | D:8      | Identified the ring of Temptation {+Fly Int+2}
  7809 | D:8      | Reached skill level 11 in Shields
  8375 | D:9      | Found a glowing golden altar of the Shining One.
  8463 | D:9      | Reached XP level 11. HP: 64/67 MP: 11/11
  8514 | D:9      | Reached skill level 10 in Maces & Flails
  8536 | D:9      | Reached skill level 1 in Spellcasting
  8727 | D:9      | Found a sparkling altar of Nemelex Xobeh.
  8905 | D:9      | Found a roughly hewn altar of Beogh.
  8905 | D:9      | Found a staircase to the Orcish Mines.
  8961 | D:9      | HP: 2/67 [orc warrior/+0 battleaxe (4)]
  8961 | D:9      | Killed from afar by an orc priest

Skill      XL: |  1  2  3  4  5  6  7  8  9 10 11 |
---------------+----------------------------------+-----
Shields        | 4 6 7 9 11 | 11.3
Maces & Flails | 3 5 6 8 9 10 | 10.2
Fighting       | 4 5 6 7 |  7.2
Armour         | 4 5 6 7 8 |  8.0
Dodging        | 1 2 |  2.0
Spellcasting   | 1 |  1.9
Stealth        | |  0.2

Action                   |  1- 3 |  4- 6 |  7- 9 | 10-12 || total
-------------------------+-------+-------+-------+-------++-------
Melee: Flail             |   171 |   187 |       |       ||   358
       Whip              |       |       |   510 |   602 ||  1112
  Use: Scroll            |     8 |     2 |     6 |     7 ||    23
       Potion            |       |       |     1 |     2 ||     3
  Eat: Chunk             |     2 |     2 |     6 |    11 ||    21
       Ration            |       |     1 |     1 |       ||     2
Armor: Scale mail        |    80 |    18 |       |       ||    98
       Plate armour      |       |   123 |   188 |   166 ||   477
Dodge: Dodged            |    53 |    28 |    68 |    86 ||   235
Block: Shield            |    93 |   142 |   268 |   284 ||   787
